AoeStats
← tonytctang

Nomad

503784212Analyzed
4v4 RM · 29d ago on Sep 2, 2026· 45m 35s· 8 players
Game mode
Random Map
Map size
231×231
Population
200
Speed
Normal
Resources
Standard
Victory
Conquest
Starting age
Dark Age
Ending age
Imperial Age
RankedLock teamsTeams togetherTeam positionsShared explorationLock speedFull tech treeHidden civsTurbo modeCheats
Victory
Defeat
🇨🇳 Italians · China
1151
+13
🇬🇧 Maya · United Kingdom
1117
+14
🇲🇽 Huns · Mexico
1078
+16
🇹🇼 Goths · Taiwan
999
+20
🇭🇰 Berbers · Hong Kong SAR China
1132
-18
🇭🇰 Saracens · Hong Kong SAR China
1114
-17
🇮🇳 Inca · India
1062
-15
🇨🇳 Bulgarians · China
1006
-12
VVS
6:37 Loom
13:09 Feudal Age
13:50 Town Watch
13:55 Arson
14:39 Champi Runner
19:41 Scale Mail Armor
21:51 Fletching
24:05 Forging
25:35 Wheelbarrow
kit7292001
4:21 Loom
14:23 Feudal Age
14:57 Double-Bit Axe
17:41 Gold Mining
20:27 Castle Age
19:19 Horse Collar
23:48 Fletching
24:13 Bloodlines
24:03 Husbandry
24:45 Wheelbarrow
24:19 Kasbah
29:10 Bodkin Arrow
29:15 Padded Archer Armor
32:15 Imperial Age
33:35 Bracer
34:05 Elite Camel Archer
34:21 Cavalier
36:06 Leather Archer Armor
35:58 Scale Barding Armor
37:01 Forging
40:08 Iron Casting
39:53 Chain Barding Armor
40:05 Ring Archer Armor
42:09 Blast Furnace
41:44 Plate Barding Armor
tonytctang
4:30 Loom
16:01 Feudal Age
16:42 Double-Bit Axe
16:55 Horse Collar
18:05 Wheelbarrow
17:13 Fishing Lines
17:54 Gold Mining
19:44 Stone Mining
24:21 Castle Age
22:33 Bloodlines
22:36 Forging
22:32 Scale Barding Armor
25:15 Bow Saw
25:44 Husbandry
26:21 Iron Casting
26:13 Gillnets
26:57 Heavy Plow
27:36 Gold Shaft Mining
28:06 Hand Cart
27:37 Town Watch
28:28 Chain Barding Armor
35:26 Imperial Age
33:44 Thumb Ring
33:00 Crossbowman
33:56 Thumb Ring
33:58 Fletching
34:09 Padded Archer Armor
36:52 Conscription
35:55 Elite Genitour
38:00 Bodkin Arrow
38:20 Leather Archer Armor
39:05 Blast Furnace
38:42 Plate Barding Armor
39:45 Parthian Tactics
43:10 Ring Archer Armor
1847373944
5:14 Loom
14:32 Feudal Age
19:02 Double-Bit Axe
20:50 Wheelbarrow
22:43 Castle Age
21:25 Gold Mining
22:28 Scale Mail Armor
22:38 Forging
28:02 Iron Casting
27:42 Chain Mail Armor
30:16 Hand Cart
32:04 Arson
36:26 Scale Barding Armor
40:37 Fletching
40:47 Padded Archer Armor
43:40 Bodkin Arrow
44:00 Leather Archer Armor
KingUrs4721
3:21 Loom
14:48 Feudal Age
16:44 Town Watch
18:15 Horse Collar
19:56 Arson
21:58 Forging
21:48 Scale Mail Armor
21:43 Double-Bit Axe
22:20 Fletching
22:30 Padded Archer Armor
30:05 Padded Archer Armor
29:29 Man-at-Arms
34:06 Castle Age
33:14 Fishing Lines
34:56 Long Swordsman
35:37 Squires
35:51 Crossbowman
40:53 Bow Saw
41:05 Gillnets
42:38 Leather Archer Armor
44:47 Chain Mail Armor
Xh4e
6:27 Loom
16:01 Feudal Age
21:20 Castle Age
19:33 Fishing Lines
19:42 Double-Bit Axe
19:41 Horse Collar
20:08 Gold Mining
20:59 Wheelbarrow
20:19 Stone Mining
22:23 Bow Saw
22:43 Husbandry
22:53 Bloodlines
22:52 Scale Barding Armor
23:59 Heavy Plow
28:46 Hand Cart
34:49 Imperial Age
34:15 Marauders
34:32 Forging
34:42 Chain Barding Armor
34:17 Gillnets
35:13 Elite Tarkan
36:14 Conscription
37:03 Two-Man Saw
36:57 Iron Casting
36:58 Plate Barding Armor
39:15 Blast Furnace
40:45 Ballistics
41:25 Chemistry
41:56 Cavalier
41:57 Light Cavalry
43:16 Hussar
44:28 Paladin
嘿嘿嘿
5:25 Loom
13:58 Feudal Age
14:45 Double-Bit Axe
15:37 Horse Collar
16:27 Stone Mining
21:17 Castle Age
19:58 Gold Mining
19:31 Man-at-Arms
22:11 Scale Mail Armor
24:00 Wheelbarrow
23:11 Town Watch
25:21 Long Swordsman
30:26 Heavy Plow
30:42 Bow Saw
31:55 Forging
35:48 Imperial Age
34:12 Chain Mail Armor
35:09 Hand Cart
35:29 Squires
35:51 Fletching
36:37 Iron Casting
35:27 Pikeman
35:59 Two-Handed Swordsman
36:04 Halberdier
38:27 Crop Rotation
38:29 Conscription
39:46 Blast Furnace
39:37 Perfusion
39:20 Champion
40:42 Stone Shaft Mining
41:15 Bodkin Arrow
41:20 Padded Archer Armor
42:25 Two-Man Saw
42:03 Elite Huskarl
42:49 Bracer
42:16 Elite Skirmisher
DJ Blyatman!
8:01 Loom
12:57 Feudal Age
14:14 Wheelbarrow
17:07 Castle Age
15:30 Double-Bit Axe
19:46 Bow Saw
19:18 Horse Collar
21:10 Stone Mining
21:11 Gold Mining
22:53 Fletching
24:50 Wheelbarrow
24:02 Town Watch
26:00 Crossbowman
26:48 Bodkin Arrow
27:32 Thumb Ring
27:28 Padded Archer Armor
28:37 Leather Archer Armor
30:11 Ballistics
31:30 Hand Cart
40:05 Imperial Age
38:46 Treadmill Crane
39:01 Murder Holes
39:16 Masonry
41:46 Chemistry
40:32 Arrowslits
40:10 Elite Genoese Crossbowman
41:11 Conscription
40:52 Bracer
41:23 Ring Archer Armor
43:16 Hoardings
44:04 Stone Shaft Mining
46:11 Architecture
45:52 Fortified Wall
46:02 Bombard Tower
45:49 Scale Barding Armor
45:54 Forging
45:51 Town Patrol
46:58 Two-Man Saw
46:01 Heavy Plow
45:24 Capped Ram
46:19 Fervor
Connection lost

Rejoining the realm…

Still unreachable

The connection could not be restored.

Session expired

The server has moved on; the page needs a fresh start.